 Dungeon Crawl Stone Soup version 0.31-a0-185-g9dded2c639 (webtiles) character file.

Game seed: 6710288320922340144

63 qw the Shooter (level 3, -6/20 HPs)
             Began as a Deep Elf Hunter on June 22, 2023.
             Killed from afar by an orc wizard (10 damage)
             ... with a puff of flame
             ... on level 3 of the Dungeon.
             The game lasted 00:00:36 (1481 turns).

qw the Shooter (Deep Elf Hunter)                    Turns: 1481, Time: 00:00:36

Health: -6/20      AC:  6    Str: 10    XL:     3   Next: 89%
Magic:  5/5        EV: 11    Int: 13    God:
Gold:   135        SH:  0    Dex: 18    Spells: 2/2 levels left

rFire   . . .        Y - +0 shortbow
rCold   . . .        (shield currently unavailable)
rNeg    . . .        f - +0 ring mail
rPois   +            e - +0 helmet
rElec   .            (no cloak)
rCorr   .            (no gloves)
SInv    .            (no boots)
Will    .....        b - amulet "Gesic" {rPois Regen+}
Stlth   +            (no ring)
HPRegen 1.03/turn    (no ring)
MPRegen 0.09/turn

%: no passive effects
@: no status effects
A: no striking features
a: no special abilities


You were on level 3 of the Dungeon.
You visited 1 branch of the dungeon, and saw 3 of its levels.

You collected 135 gold pieces.


   Skills:
 - Level 1.5 Fighting
 + Level 7.3 Ranged Weapons
 - Level 2.4 Dodging
 - Level 1.2 Stealth


You had 2 spell levels left.
You didn't know any spells.
Your spell library was empty.

Inventory:

Hand Weapons
 Y - a +0 shortbow (weapon)
Armour
 e - a +0 helmet (worn)
 f - a +0 ring mail (worn)
Jewellery
 b - the amulet "Gesic" (around neck) {rPois Regen+}
   (You found it on level 2 of the Dungeon)

   [amulet of regeneration]

   rPois:     It protects you from poison.
   Regen:     It increases your rate of health regeneration.
 k - a ring of ice
Scrolls
 c - a scroll of revelation {unknown}
 d - a scroll of identify
Potions
 a - a potion of berserk rage {unknown}
 g - a potion of lignification {unknown}
 h - a potion of invisibility {unknown}
 i - a potion of enlightenment {unknown}

Dungeon Overview and Level Annotations

Branches:
Dungeon (3/15)

Altars:

Annotations:
D:2 1 runed translucent door, Crazy Yiuf


Message History

You shoot an arrow. The arrow hits the orc wizard.
The orc wizard is moderately wounded.
An orc comes into view. It is wielding a +0 dagger.
You shoot an arrow. The arrow barely misses the orc wizard.
The arrow closely misses the orc.
An orc comes into view. It is wielding a +0 hand axe.
You shoot an arrow.
The arrow closely misses the orc wizard.
The arrow hits the orc!
You kill the orc!
You shoot an arrow.
The arrow closely misses the orc wizard.
The arrow barely misses the orc.
The orc wizard casts a spell.
The orc wizard flickers and vanishes!
Deactivating autopickup; reactivate with Ctrl-A.
You shoot an arrow. The arrow hits the orc.
The orc is almost dead.
Something hits you.
1477 ||| FLEEEEING.
You hear some strange, mumbled words.
A puff of flame appears from out of thin air!
The puff of flame hits you!
Ouch! That really hurt!
You shoot an arrow.
The arrow hits the orc but does no damage.
The orc is almost dead.
The orc hits you with a +0 mace.
You shoot an arrow. The arrow hits the orc!
You kill the orc!
You hear some strange, mumbled words.
A magic dart appears from out of thin air!
The magic dart hits you.
1480 ||| FLEEEEING.
1481 ||| FLEEEEING.
You hear some strange, mumbled words.
A puff of flame appears from out of thin air!
The puff of flame hits you!
Ouch! That really hurt!
You die...

. .. ####### ...##
#........ ..)o##
#......... #..o####
#..........
#.###.)..###...........
#....!.{...............
########.##...........
#@##.........#
#...(........#
####...#.....#
#.........+ #.........#
#....######
##.#....#####
#.....#.....##
#.....#####..#


You could see an orc.

Vanquished Creatures
  An adder (D:2)
  2 dart slugs (D:1)
  2 orcs (D:3)
  5 ball pythons
  3 endoplasms
  3 giant cockroaches (D:1)
  9 goblins
  5 hobgoblins
  2 quokkas
  A bat (D:1)
  4 frilled lizards
  3 kobolds (D:1)
  4 rats
44 creatures vanquished.

Notes
Turn   | Place    | Note
-------+----------+-------------------------------------------
     0 | D:1      | qw the Deep Elf Hunter began the quest for the Orb.
     0 | D:1      | Reached XP level 1. HP: 12/12 MP: 3/3
     0 | D:1      | 0 ||| qw: Version: 0.3-a-9-g12657ce
     0 | D:1      | 0 ||| qw: Game counter: 1746
     0 | D:1      | 0 ||| qw: Always use a shield: true
     0 | D:1      | 0 ||| qw: God list: Okawaru
     0 | D:1      | 0 ||| qw: Allow faded altars: false
     0 | D:1      | 0 ||| qw: Do Orc after D:15 true
     0 | D:1      | 0 ||| qw: Do second Lair branch before Depths: true
     0 | D:1      | 0 ||| qw: Lair rune preference: random
     0 | D:1      | 0 ||| qw: Plans: Normal
     0 | D:1      | 0 ||| PLANNING D:1-11
    69 | D:1      | Reached XP level 2. HP: 16/16 MP: 4/4
    80 | D:1      | Reached skill level 6 in Ranged Weapons
   344 | D:1      | Reached XP level 3. HP: 20/20 MP: 5/5
   562 | D:1      | 562 ||| UPGRADING to +0 helmet.
   567 | D:1      | 567 ||| UPGRADING to +0 scale mail.
   577 | D:1      | 577 ||| DROPPING +0 leather armour.
   578 | D:1      | 578 ||| READING scroll labelled MULENO HOTWI.
   579 | D:1      | 579 ||| READING scroll labelled ISTI GIUMEAWEF.
   580 | D:1      | 580 ||| READING scroll labelled IPLYZO LANIAMY.
   581 | D:1      | 581 ||| DROPPING scroll of butterflies.
   615 | D:2      | Identified the amulet "Gesic" {rPois Regen+}
   634 | D:2      | Reached skill level 7 in Ranged Weapons
  1025 | D:2      | Found a runed translucent door.
  1026 | D:2      | Noticed Crazy Yiuf
  1230 | D:2      | 1230 ||| UPGRADING to +0 ring mail.
  1240 | D:2      | 1240 ||| DROPPING +0 scale mail.
  1241 | D:2      | 1241 ||| UPGRADING to amulet "Gesic" {rPois Regen+}.
  1246 | D:2      | 1246 ||| READING scroll labelled OPUICVIAFU.
  1247 | D:2      | 1247 ||| READING scroll labelled SOMETIT TOECS.
  1248 | D:2      | 1248 ||| READING scroll labelled SETHRA ITISARENU.
  1321 | D:3      | 1321 ||| DROPPING +1 heavy sling.
  1477 | D:3      | 1477 ||| FLEEEEING.
  1479 | D:3      | HP: 2/20 [something/magic dart (6)]
  1480 | D:3      | 1480 ||| FLEEEEING.
  1481 | D:3      | 1481 ||| FLEEEEING.
  1481 | D:3      | Killed from afar by an orc wizard

Levels and vault maps discovered:
D:1:      dpeg_arrival_lava_temple_mockup, layout_basic, minmay_surrounded
D:2:      layout_basic, minmay_misc_feat_chi, palyth_stone_intersect,
          uniq_crazy_yiuf_cottage
D:3:      layout_basic, tso_altar, mainiacjoe_overflow_tiny_flanked

Skill      XL: |  1  2  3 |
---------------+----------+-----
Ranged Weapons | 6 7 |  7.3
Fighting       | |  1.5
Dodging        | |  2.4
Stealth        | |  1.2

Action                     || total
---------------------------++-------
   Fire: Shortbow          ||   127
    Use: Scroll            ||     6
 Armour: Leather armour    ||     6
         Scale mail        ||     5
  Dodge: Dodged            ||    30

Table legend:
 A = Non-vault XP
 B = Vault XP
 C = Vault XP percentage of total XP
 D = Non-vault monster count
 E = Vault monster count
 F = Vault count percentage of total count
                 A         B        C        D         E       F
            +---------+---------+-------+---------+---------+-------
      Total |      85 |       6 |   6.6 |      40 |       4 |   9.1
            +---------+---------+-------+---------+---------+-------
        D:1 |      45 |       6 |  11.8 |      24 |       4 |  14.3
        D:2 |      33 |       0 |   0.0 |      13 |       0 |   0.0
        D:3 |       7 |       0 |   0.0 |       3 |       0 |   0.0
            +---------+---------+-------+---------+---------+-------
